| TOP OF THE 1ST |
|
Tri-City Dust Devils batting - Pitching for Rome Braves : RHP Ioakim Mozgo
|
|
Pitching: RHP Ioakim Mozgo
|
|
|
Batting: LHB Ramon Vega
|
0-0: Ball 1-0: Called Strike 1-1: Called Strike 1-2: Strikes out swinging
|
|
Batting: LHB Phil Lerner
|
0-0: Foul Ball, location: 2F 0-1: Foul Ball, location: 2F 0-2: Ball 1-2: Strikes out swinging
|
|
Batting: RHB Hector Fernandez
|
0-0: Called Strike 0-1: Swinging Strike 0-2: Ball 1-2: Ball 2-2: Ground out 6-3 (Groundball, 6S, EV 67.5 MPH)
|
| Top of the 1st over - 0 runs, 0 hits, 0 errors, 0 left on base; Tri-City 0 - Rome 0 |
| BOTTOM OF THE 1ST |
|
Rome Braves batting - Pitching for Tri-City Dust Devils : RHP Roger Watkins
|
|
Pitching: RHP Roger Watkins
|
|
|
Batting: SHB Jose Melendez
|
0-0: Foul Ball, location: 2F 0-1: SINGLE (Groundball, 6MD, EV 105.6 MPH)
|
|
Batting: RHB Tim Molchan
|
0-0: Ball Jose Melendez is caught stealing 2nd base 2-4 1-0: Called Strike 1-1: Ball 2-1: Swinging Strike 2-2: Ground out 6-3 (Groundball, 6, EV 85.0 MPH)
|
|
Batting: RHB Yojiro Hayashi
|
0-0: Called Strike 0-1: Ball 1-1: Called Strike 1-2: Ball 2-2: Ground out 6-3 (Groundball, 6S, EV 83.1 MPH)
|
| Bottom of the 1st over - 0 runs, 1 hit, 0 errors, 0 left on base; Tri-City 0 - Rome 0 |
| TOP OF THE 2ND |
|
Tri-City Dust Devils batting - Pitching for Rome Braves : RHP Ioakim Mozgo
|
|
Batting: SHB Manny Berrones
|
0-0: Called Strike 0-1: Foul Ball, location: 2F 0-2: Strikes out swinging, 2-3 out at first.
|
|
Batting: RHB Brian DeVoe
|
0-0: Ball 1-0: Foul Ball, location: 2F 1-1: Swinging Strike 1-2: Ball 2-2: Ball 3-2: Base on Balls
|
|
Batting: SHB Yutaro Takahashi
|
0-0: Foul Ball, location: 2F 0-1: Ball 1-1: Ball Brian DeVoe steals 2nd base 2-1: Foul Ball, location: 2F Balk! Brian DeVoe to third 2-2: Strikes out looking
|
|
Batting: RHB Paul Van Gilder
|
0-0: Foul Ball, location: 2F 0-1: Foul Ball, location: 2F 0-2: Ball 1-2: Strikes out looking
|
| Top of the 2nd over - 0 runs, 0 hits, 0 errors, 1 left on base; Tri-City 0 - Rome 0 |
| BOTTOM OF THE 2ND |
|
Rome Braves batting - Pitching for Tri-City Dust Devils : RHP Roger Watkins
|
|
Batting: SHB Jordan Barragan
|
0-0: Ball 1-0: Swinging Strike 1-1: Called Strike 1-2: Ball 2-2: Strikes out swinging
|
|
Batting: LHB Javier Rubio
|
0-0: Called Strike 0-1: Ball 1-1: Ball 2-1: Foul Ball, location: 2F 2-2: Strikes out swinging
|
|
Batting: RHB Armando Moz
|
0-0: Foul Ball, location: 2F 0-1: Foul Ball, location: 2F 0-2: Ball 1-2: Ball 2-2: Ground out 1-3 (Groundball, 13S, EV 68.1 MPH)
|
| Bottom of the 2nd over - 0 runs, 0 hits, 0 errors, 0 left on base; Tri-City 0 - Rome 0 |
| TOP OF THE 3RD |
|
Tri-City Dust Devils batting - Pitching for Rome Braves : RHP Ioakim Mozgo
|
|
Batting: RHB Alfredo Lemus
|
0-0: Ball 1-0: Ground out 3-1 (Groundball, 13, EV 81.9 MPH)
|
|
Batting: RHB David Reyna
|
0-0: Called Strike 0-1: Ball 1-1: Foul Ball, location: 2F 1-2: Ball 2-2: Ground out 6-3 (Groundball, 6, EV 82.5 MPH)
|
|
Batting: LHB Ramon Vega
|
0-0: Foul Ball, location: 2F 0-1: TRIPLE (Line Drive, 89XD, EV 109.4 MPH)
|
|
Batting: LHB Phil Lerner
|
0-0: Called Strike 0-1: Foul Ball, location: 2F 0-2: Foul Ball, location: 2F 0-2: Ball 1-2: Strikes out swinging
|
| Top of the 3rd over - 0 runs, 1 hit, 0 errors, 1 left on base; Tri-City 0 - Rome 0 |
| BOTTOM OF THE 3RD |
|
Rome Braves batting - Pitching for Tri-City Dust Devils : RHP Roger Watkins
|
|
Batting: LHB Joe Phillips
|
0-0: SINGLE (Groundball, 34S, EV 77.5 MPH) (infield hit)
|
|
Batting: RHB Gerard Michel
|
0-0: Ball 1-0: Foul Ball, location: 2F 1-1: Swinging Strike 1-2: Ball 2-2: Grounds into double play, 6-4-3 (Groundball, 6, EV 100.6 MPH)
|
|
Batting: RHB Adrian Billups
|
0-0: SINGLE (Groundball, 5S, EV 65.0 MPH) (infield hit)
|
|
Batting: SHB Jose Melendez
|
0-0: Called Strike Adrian Billups steals 2nd base 0-1: Ball 1-1: Ball Wild Pitch! Adrian Billups to third 2-1: Swinging Strike 2-2: Ball 3-2: Ground out 4-3 (Groundball, 4, EV 80.6 MPH)
|
| Bottom of the 3rd over - 0 runs, 2 hits, 0 errors, 1 left on base; Tri-City 0 - Rome 0 |
| TOP OF THE 4TH |
|
Tri-City Dust Devils batting - Pitching for Rome Braves : RHP Ioakim Mozgo
|
|
Batting: RHB Hector Fernandez
|
0-0: Ground out 6-3 (Groundball, 6, EV 90.0 MPH)
|
|
Batting: SHB Manny Berrones
|
0-0: Ball 1-0: Ball 2-0: Called Strike 2-1: Swinging Strike 2-2: Ball 3-2: Strikes out swinging
|
|
Batting: RHB Brian DeVoe
|
0-0: Called Strike 0-1: Ball 1-1: Ball 2-1: DOUBLE (Line Drive, 78D, EV 103.8 MPH)
|
|
Batting: SHB Yutaro Takahashi
|
0-0: Ball 1-0: Ball 2-0: Foul Ball, location: 2F 2-1: Called Strike 2-2: TRIPLE (Flyball, 89XD, EV 110.0 MPH) Brian DeVoe scores
|
|
Batting: RHB Paul Van Gilder
|
0-0: Ball 1-0: Ball 2-0: Called Strike 2-1: Foul Ball, location: 2F 2-2: Strikes out looking
|
| Top of the 4th over - 1 run, 2 hits, 0 errors, 1 left on base; Tri-City 1 - Rome 0 |
| BOTTOM OF THE 4TH |
|
Rome Braves batting - Pitching for Tri-City Dust Devils : RHP Roger Watkins
|
|
Batting: RHB Tim Molchan
|
0-0: Called Strike 0-1: Ball 1-1: SINGLE (Flyball, 9LS, EV 92.5 MPH)
|
|
Batting: RHB Yojiro Hayashi
|
0-0: Ball 1-0: Called Strike 1-1: Ball 2-1: Ball Pickoff Throw to First - Out! 1-3 3-1: Base on Balls
|
|
Batting: SHB Jordan Barragan
|
0-0: Called Strike 0-1: Ball 1-1: Called Strike Yojiro Hayashi steals 2nd base 1-2: Fly out, F8 (Flyball, 8LD, EV 92.5 MPH)
|
|
Batting: LHB Javier Rubio
|
0-0: Swinging Strike 0-1: 2-RUN HOME RUN (Flyball, 89XD, EV 97.5 MPH), Distance : 385 ft
|
|
Batting: RHB Armando Moz
|
0-0: Ball 1-0: SINGLE (Groundball, 4MD, EV 99.4 MPH)
|
|
Batting: LHB Joe Phillips
|
0-0: Called Strike 0-1: Called Strike 0-2: Strikes out swinging
|
| Bottom of the 4th over - 2 runs, 3 hits, 0 errors, 1 left on base; Tri-City 1 - Rome 2 |
| TOP OF THE 5TH |
|
Tri-City Dust Devils batting - Pitching for Rome Braves : RHP Ioakim Mozgo
|
|
Batting: RHB Alfredo Lemus
|
0-0: Ball 1-0: Ball 2-0: Fly out, F8 (Flyball, 8RS, EV 81.2 MPH)
|
|
Batting: RHB David Reyna
|
0-0: Ball 1-0: Ball 2-0: Foul Ball, location: 2F 2-1: Fly out, F9 (Line Drive, 9S, EV 95.0 MPH)
|
|
Batting: LHB Ramon Vega
|
0-0: Called Strike 0-1: Ball 1-1: Ball 2-1: Ball 3-1: Base on Balls
|
|
Batting: LHB Phil Lerner
|
0-0: Ball Ramon Vega steals 2nd base 1-0: Called Strike 1-1: Ball 2-1: Swinging Strike 2-2: Foul Ball, location: 2F 2-2: Foul Ball, location: 2F 2-2: Strikes out swinging
|
| Top of the 5th over - 0 runs, 0 hits, 0 errors, 1 left on base; Tri-City 1 - Rome 2 |
| BOTTOM OF THE 5TH |
|
Rome Braves batting - Pitching for Tri-City Dust Devils : RHP Roger Watkins
|
|
Batting: RHB Gerard Michel
|
0-0: Called Strike 0-1: Ball 1-1: Ball 2-1: Ground out 5-3 (Groundball, 56S, EV 83.8 MPH)
|
|
Batting: RHB Adrian Billups
|
0-0: Called Strike 0-1: Ball 1-1: Ball 2-1: Ball 3-1: Base on Balls
|
|
Batting: SHB Jose Melendez
|
0-0: DOUBLE (Flyball, 78XD, EV 106.9 MPH) Adrian Billups to third Adrian Billups scores
|
|
Pinch Runner at 2nd George Provance:
|
|
|
Batting: RHB Tim Molchan
|
0-0: Called Strike 0-1: Ball 1-1: Swinging Strike 1-2: Fly out, F9 (Flyball, 89M, EV 76.9 MPH)
|
|
Batting: RHB Yojiro Hayashi
|
0-0: Swinging Strike 0-1: Foul Ball, location: 2F 0-2: Ball 1-2: Foul Ball, location: 2F 1-2: Ball 2-2: Foul Ball, location: 2F 2-2: Ball 3-2: Strikes out looking
|
| Bottom of the 5th over - 1 run, 1 hit, 0 errors, 1 left on base; Tri-City 1 - Rome 3 |
| TOP OF THE 6TH |
|
Tri-City Dust Devils batting - Pitching for Rome Braves : RHP Ioakim Mozgo
|
|
Now in CF: George Provance
|
|
|
Batting: RHB Hector Fernandez
|
0-0: Called Strike 0-1: Ground out 6-3 (Groundball, 6, EV 86.9 MPH)
|
|
Batting: SHB Manny Berrones
|
0-0: Ball 1-0: Fly out, F6 (Popup, 6, EV 58.1 MPH)
|
|
Batting: RHB Brian DeVoe
|
0-0: Called Strike 0-1: Swinging Strike 0-2: SINGLE (Flyball, 4D, EV 86.2 MPH)
|
|
Batting: SHB Yutaro Takahashi
|
0-0: Ball Brian DeVoe is caught stealing 2nd base 2-6
|
| Top of the 6th over - 0 runs, 1 hit, 0 errors, 0 left on base; Tri-City 1 - Rome 3 |
| BOTTOM OF THE 6TH |
|
Rome Braves batting - Pitching for Tri-City Dust Devils : RHP Roger Watkins
|
|
Pitching: RHP Roger Brennan
|
|
|
Batting: SHB Jordan Barragan
|
0-0: Ball 1-0: Called Strike 1-1: Ball 2-1: Ball 3-1: Called Strike 3-2: Fly out, F9 (Flyball, 9D, EV 83.8 MPH)
|
|
Batting: LHB Javier Rubio
|
0-0: Called Strike 0-1: Ball 1-1: Called Strike 1-2: Ball 2-2: Ground out 6-3 (Groundball, 6, EV 98.8 MPH)
|
|
Batting: RHB Armando Moz
|
0-0: Ball 1-0: Ball 2-0: Foul Ball, location: 2F 2-1: Swinging Strike 2-2: Ball 3-2: Strikes out swinging
|
| Bottom of the 6th over - 0 runs, 0 hits, 0 errors, 0 left on base; Tri-City 1 - Rome 3 |
| TOP OF THE 7TH |
|
Tri-City Dust Devils batting - Pitching for Rome Braves : RHP Ioakim Mozgo
|
|
Batting: SHB Yutaro Takahashi
|
0-0: Ball 1-0: Foul Ball, location: 2F 1-1: Called Strike 1-2: Foul Ball, location: 2F 1-2: Ball 2-2: Foul Ball, location: 2F 2-2: DOUBLE (Groundball, 3L, EV 94.4 MPH)
|
|
Pitching: RHP Dan Spahn
|
|
|
Batting: RHB Paul Van Gilder
|
0-0: Ball 1-0: Ball Wild Pitch! Yutaro Takahashi to third 2-0: Ball 3-0: Base on Balls
|
|
Pinch Hitting: LHB Jeremy DiGenova
|
0-0: Ball 1-0: Ball 2-0: Ball 3-0: Called Strike 3-1: Base on Balls Paul Van Gilder to second
|
|
Batting: RHB David Reyna
|
0-0: Called Strike 0-1: Foul Ball, location: 2F 0-2: Strikes out looking
|
|
Batting: LHB Ramon Vega
|
0-0: Ball 1-0: Ball 2-0: Grounds into fielders choice 5-2 (Groundball, 25, EV 65.0 MPH) Paul Van Gilder to third Jeremy DiGenova to second
|
|
Batting: LHB Phil Lerner
|
0-0: Ball 1-0: Ball 2-0: Ball 3-0: Called Strike 3-1: Foul Ball, location: 2F 3-2: Foul Ball, location: 2F 3-2: Base on Balls Paul Van Gilder scores Jeremy DiGenova to third Ramon Vega to second
|
|
Batting: RHB Hector Fernandez
|
0-0: Called Strike 0-1: Ball 1-1: Ground out 5-3 (Groundball, 56S, EV 82.5 MPH)
|
| Top of the 7th over - 1 run, 1 hit, 0 errors, 3 left on base; Tri-City 2 - Rome 3 |
| BOTTOM OF THE 7TH |
|
Rome Braves batting - Pitching for Tri-City Dust Devils : RHP Roger Brennan
|
|
Now at 3B: Ruben Luis
|
|
|
Batting: LHB Joe Phillips
|
0-0: Ground out 5-3 (Groundball, 56S, EV 74.4 MPH)
|
|
Batting: RHB Gerard Michel
|
0-0: Called Strike 0-1: Ball 1-1: Ball 2-1: Swinging Strike 2-2: Strikes out swinging
|
|
Batting: RHB Adrian Billups
|
0-0: Foul Ball, location: 2F 0-1: Ball 1-1: Ball 2-1: SINGLE (Groundball, 4D, EV 95.6 MPH)
|
|
Batting: RHB George Provance
|
0-0: Ball Adrian Billups is caught stealing 2nd base 2-4
|
| Bottom of the 7th over - 0 runs, 1 hit, 0 errors, 0 left on base; Tri-City 2 - Rome 3 |
| TOP OF THE 8TH |
|
Tri-City Dust Devils batting - Pitching for Rome Braves : RHP Dan Spahn
|
|
Pitching: RHP Greg Hart
|
|
|
Now at 1B: Ryan Murdock
|
|
|
Batting: SHB Manny Berrones
|
0-0: Ball 1-0: Ground out 4-3 (Groundball, 34S, EV 85.6 MPH)
|
|
Batting: RHB Brian DeVoe
|
0-0: Swinging Strike 0-1: Ground out 6-3 (Groundball, 6, EV 94.4 MPH)
|
|
Batting: SHB Yutaro Takahashi
|
0-0: Ball 1-0: Called Strike 1-1: Foul Ball, location: 2F 1-2: Fly out, F8 (Flyball, 78M, EV 91.9 MPH)
|
| Top of the 8th over - 0 runs, 0 hits, 0 errors, 0 left on base; Tri-City 2 - Rome 3 |
| BOTTOM OF THE 8TH |
|
Rome Braves batting - Pitching for Tri-City Dust Devils : RHP Roger Brennan
|
|
Pitching: RHP Ben Bosley
|
|
|
Batting: RHB George Provance
|
0-0: Ball 1-0: Called Strike 1-1: Swinging Strike 1-2: Reached on error, E4 (Groundball, 4, EV 100.6 MPH)
|
|
Batting: RHB Tim Molchan
|
Pickoff Throw to First - Out! 1-3 CS 0-0: Foul Ball, location: 2F 0-1: Ball 1-1: Swinging Strike 1-2: Strikes out swinging
|
|
Batting: RHB Yojiro Hayashi
|
0-0: Ball 1-0: Swinging Strike 1-1: SINGLE (Groundball, 6S, EV 66.9 MPH) (infield hit)
|
|
Batting: SHB Jordan Barragan
|
0-0: Ball Yojiro Hayashi is caught stealing 2nd base 2-6
|
| Bottom of the 8th over - 0 runs, 1 hit, 1 error, 0 left on base; Tri-City 2 - Rome 3 |
| TOP OF THE 9TH |
|
Tri-City Dust Devils batting - Pitching for Rome Braves : RHP Greg Hart
|
|
Pitching: RHP Troy Hutch
|
|
|
Batting: RHB Paul Van Gilder
|
0-0: Called Strike 0-1: Ball 1-1: Called Strike 1-2: Ball 2-2: Ball 3-2: Foul Ball, location: 2F 3-2: Foul Ball, location: 2F 3-2: Foul Ball, location: 2F 3-2: Foul Ball, location: 2F 3-2: Foul Ball, location: 2F 3-2: Strikes out swinging
|
|
Batting: RHB Ruben Luis
|
0-0: Foul Ball, location: 2F 0-1: Ball 1-1: SINGLE (Groundball, 4MD, EV 104.4 MPH)
|
|
Pinch Hitting: LHB Roger Duque
|
0-0: Called Strike 0-1: Foul Ball, location: 2F 0-2: Ball 1-2: Ball 2-2: Ball 3-2: Fly out, F9 (Flyball, 89M, EV 93.1 MPH)
|
|
Batting: LHB Ramon Vega
|
0-0: Ball 1-0: Ball 2-0: Ground out 4-3 (Groundball, 4, EV 80.0 MPH)
|
| Top of the 9th over - 0 runs, 1 hit, 0 errors, 1 left on base; Tri-City 2 - Rome 3 |
|